 Dungeon Crawl Stone Soup version 0.31-a0-875-g02e7d12df6 (webtiles) character file.

Game seed: 15004742129874994461

193 Tharus the Shield-Bearer (level 5, -1/52 HPs)
             Began as a Troll Fighter on Oct 10, 2023.
             Slain by an ogre
             ... wielding a +0 giant club
              (27 damage)
             ... on level 4 of the Dungeon on Oct 12, 2023.
             The game lasted 00:42:44 (4478 turns).

Tharus the Shield-Bearer (Troll Fighter)            Turns: 4478, Time: 00:42:44

Health: -1/52      AC: 12    Str: 26    XL:     5   Next: 43%
Magic:  4/4        EV:  9    Int:  4    God:
Gold:   162        SH:  8    Dex:  7    Spells: 4/4 levels left

rFire   + . .        K - +4 hand axe of Qilihed {protect, rElec rC+ rN+ Will-}
rCold   + . .        c - +1 kite shield
rNeg    + . .        g - +1 robe {rF+}
rPois   .            (helmet restricted)
rElec   +            (no cloak)
rCorr   .            (gloves unavailable)
SInv    .            (boots unavailable)
Will    .....        (no amulet)
Stlth   +            (no ring)
HPRegen 1.08/turn    (no ring)
MPRegen 0.09/turn

%: no passive effects
@: under a protective aura
A: large, unfitting armour, claws 3, regeneration 1, shaggy fur 1, tough skin 1,
antennae 1, clumsy 1, teleportitis 1
a: no special abilities


You were on level 4 of the Dungeon.
You visited 1 branch of the dungeon, and saw 4 of its levels.

You collected 162 gold pieces.

Inventory:

Hand Weapons
 a - a +1 flail
 i - a +0 short sword
 k - a +0 dagger
 m - a +0 club
 n - a +0 dagger
 q - a +0 sling
 s - a +0 whip
 t - a +0 morningstar
 w - a +1 whip of venom
 x - a +0 morningstar
 z - a +0 club
 A - a +0 short sword
 B - a +0 club
 C - a +0 club
 E - a +0 mace
 F - a +0 club
 J - a +0 hand axe
 K - the +4 hand axe of Qilihed (weapon) {protect, rElec rC+ rN+ Will-}
   (You found it on level 4 of the Dungeon)

   rC+:       It protects you from cold.
   rElec:     It insulates you from electricity.
   rN+:       It protects you from negative energy.
   Will-:     It decreases your willpower.
Missiles
 h - 43 stones
Armour
 b - a +0 robe
 c - a +1 kite shield (worn)
 d - a +0 chain mail
 e - a +0 scale mail
 g - a +1 robe of fire resistance (worn)
 o - a +0 robe
 p - a +0 robe
 y - a +0 scale mail
 D - the +0 ring mail "Zaumpo Ikhlics" {Rampage *Corrode Int+3 Dex+6}
   (You found it on level 3 of the Dungeon)

   Int+3:     It affects your intelligence (+3).
   Dex+6:     It affects your dexterity (+6).
   *Corrode:  It may corrode you when you take damage.
   Rampage:   It bestows one free step when moving towards enemies.
 H - a +0 leather armour
Talismans
 l - a beast talisman
Wands
 r - a wand of flame (12)
Scrolls
 f - 2 scrolls of amnesia
 v - 2 scrolls of identify
 G - a scroll of noise
Potions
 j - 2 potions of curing
 u - 2 potions of invisibility
 I - a potion of cancellation


   Skills:
 * Level 2.9 Fighting
 + Level 0.2 Short Blades
 * Level 3.0 Maces & Flails
 * Level 3.5 Dodging
 * Level 0.3 Stealth
 * Level 3.5 Shields


You had 4 spell levels left.
You didn't know any spells.
Your spell library contained the following spells:

 Spells                   Type           Power      Damage    Failure   Level
 Slow                     Hex            0%         N/A       75%         1
 Cigotuvi's Dreadful Rot  Necr/Pois/Air  0%         N/A       87%         2
 Confusing Touch          Hex            0%         N/A       98%         3
 Hailstorm                Conj/Ice       0%         3d3       98%         3
 Ignite Poison            Fire/Tmut/Pois 0%         N/A       98%         3
 Sigil of Binding         Hex            0%         N/A       98%         3
 Vampiric Draining        Necr           0%         2d6       98%         3
 Summon Ice Beast         Ice/Summ       0%         N/A       100%        4
 Freezing Cloud           Conj/Ice/Air   0%         6-21      100%        5
 Simulacrum               Ice/Necr       0%         N/A       100%        6


Dungeon Overview and Level Annotations

Branches:
Dungeon (4/15)
 Temple: D:4-7

Altars:
Uskayaw

Shops:
D:3 (

Annotations:
D:3 1 runed translucent door, gribnar's ghost, amateur OpSh


Innate Abilities, Weirdness & Mutations

You are too large for most types of armour.
You have claws for hands.
Your natural rate of healing is unusually fast.
You are covered in fur. (AC +1)
You have tough skin. (AC +1)
You have a pair of small antennae on your head.
You are clumsy. (Dex -2)
You are occasionally teleported next to monsters.


Message History

The hobgoblin attacks as it pursues you!
The hobgoblin hits you but does no damage.
The ogre closely misses you. The endoplasm freezes you.
You are frozen.
There is a stone staircase leading up here.
The endoplasm freezes you.
You are frozen.
The hobgoblin hits you.
You climb upwards.
Level annotation: 1 runed translucent door, gribnar's ghost, amateur OpSh
There is a stone staircase leading down here.
You hit the endoplasm.
The endoplasm is moderately wounded.
The endoplasm barely misses you. You block the hobgoblin's attack.
You sock the endoplasm!
You kill the endoplasm!
The hobgoblin barely misses you. x2
You barely miss the hobgoblin.
The hobgoblin hits you but does no damage.
You completely miss the hobgoblin.
The hobgoblin hits you but does no damage.
The hobgoblin closely misses you.
You sock the hobgoblin!
You kill the hobgoblin!
Your Maces & Flails skill increases to level 3!
The +4 hand axe of Qilihed {protect, rElec rC+ rN+ Will-} hums with potential!
K - the +4 hand axe of Qilihed (weapon)
{protect, rElec rC+ rN+ Will-}
There is a stone staircase leading down here.
There are no items here.
You climb downwards.
The ogre hits you with a +0 giant club!
There is a stone staircase leading up here.
You hit the ogre.
Your weapon exudes an aura of protection.
The ogre is moderately wounded.
The ogre hits you with a +0 giant club!
You hit the ogre.
The ogre is heavily wounded.
The ogre hits you with a +0 giant club!!
Ouch! That really hurt!
You die...

..#...# #.#.#..
.......##
....#...#
........#####
....#.......###
>...........>.##
...#..@.......#
.......O......##
#.#.#..........##
...............#
............#..##
...........##.##
........#... .
#.......#.... ..
..####....... .#


You could see an ogre.

Vanquished Creatures
  A scorpion (D:3)
  Terence (D:2)
  Jessica (D:2)
  2 adders
  A worm (D:2)
  A dart slug (D:2)
  8 endoplasms
  3 giant cockroaches
  3 goblins
  10 hobgoblins
  3 jackals (D:3)
  2 kobolds
  2 quokkas
  3 ball pythons
  8 bats
  2 frilled lizards
  4 rats
55 creatures vanquished.

Notes
Turn   | Place    | Note
-------+----------+-------------------------------------------
     0 | D:1      | Tharus the Troll Fighter began the quest for the Orb.
     0 | D:1      | Reached XP level 1. HP: 22/22 MP: 0/0
   272 | D:1      | Reached XP level 2. HP: 13/29 MP: 1/1
   302 | D:1      | Found a faded altar of an unknown god.
  2048 | D:2      | Reached XP level 3. HP: 36/36 MP: 2/2
  2073 | D:2      | Noticed Jessica
  2166 | D:2      | Killed Jessica
  2291 | D:2      | Reached XP level 4. HP: 44/44 MP: 3/3
  2307 | D:2      | Gained mutation: You are occasionally teleported next to
                  | monsters. [potion of mutation]
  2307 | D:2      | Gained mutation: You are clumsy. (Dex -2) [potion of
                  | mutation]
  2307 | D:2      | Gained mutation: You have a pair of small antennae on your
                  | head. [potion of mutation]
  3172 | D:2      | Noticed Terence
  3189 | D:2      | Killed Terence
  3306 | D:2      | Found a hide-covered altar of Uskayaw.
  3789 | D:3      | Found Tubbut's Weapon Emporium.
  3884 | D:3      | Identified the +0 ring mail "Zaumpo Ikhlics" {Rampage
                  | *Corrode Int+3 Dex+6}
  4092 | D:3      | Noticed a scorpion
  4103 | D:3      | Killed a scorpion
  4104 | D:3      | Reached XP level 5. HP: 24/52 MP: 4/4
  4110 | D:3      | Noticed gribnar's ghost (amateur OpSh)
  4188 | D:3      | Found a runed translucent door.
  4244 | D:3      | Upgraded the game from 0.31-a0-865-g3d5d91748a to
                  | 0.31-a0-875-g02e7d12df6
  4448 | D:4      | Noticed an ogre
  4451 | D:4      | Identified the +4 hand axe of Qilihed {protect, rElec rC+
                  | rN+ Will-}
  4478 | D:4      | Slain by an ogre

Illustrated notes

Levels and vault maps discovered:
D:1:      dpeg_chamrin_arrival_tetris, layout_loops_ring,
          hellmonk_ecumenical_altar_pennies_from_heaven
D:2:      layout_basic, basic_altar, uniq_jessica, uniq_terence
D:3:      layout_basic, hellmonk_ghost_happy_afterlife, serial_shops,
          nicolae_shop_tiny_statue_garden
D:4:      layout_cave_pools, led_sif_book, st_stairs_4

Skill      XL: |  1  2  3  4  5 |
---------------+----------------+-----
Maces & Flails | 2 3 |  3.0
Shields        | 3 |  3.5
Dodging        | 3 |  3.5
Fighting       | |  2.9
Short Blades   | |  0.2
Stealth        | |  0.3

Action                     |  1- 3 |  4- 6 || total
---------------------------+-------+-------++-------
  Melee: Flail             |    66 |    73 ||   139
         Short sword       |   117 |    35 ||   152
         Hand axe          |       |     2 ||     2
    Use: Scroll            |     4 |     6 ||    10
         Potion            |     1 |     2 ||     3
 Armour: Robe              |   152 |    90 ||   242
  Dodge: Dodged            |   105 |    55 ||   160
  Block: Kite shield       |   116 |    54 ||   170

Table legend: (Time is in decaauts)
 A = Elapsed time spent in this place.
 B = Non-inter-level travel time spent in this place.
 C = Inter-level travel time spent in this place.
 D = Time resting spent in this place.
 E = Time spent auto-exploring this place.
 F = Levels seen in this place.
 G = Mean time per level.
                   A        B        C        D        E       F      G
               +--------+--------+--------+--------+--------+-----+--------+
         Total |   4560 |   4229 |    331 |   1340 |    198 |   4 | 1140.0 |
       Dungeon |   4560 |   4229 |    331 |   1340 |    198 |   4 | 1140.0 |
               +--------+--------+--------+--------+--------+-----+--------+

Top non-repeatable levels by time:
     D:1: 2262 daAuts
     D:2: 1481 daAuts
     D:3: 796 daAuts
     D:4: 21 daAuts
